 Dungeon Crawl Stone Soup version 0.21-a0-578-gc6e9d75 (webtiles) character file.

54 slep the Chopper (level 3, 0/28 HPs)
             Began as a Demonspawn Gladiator on Dec 19, 2017.
             Slain by a jackal (3 damage)
             ... on level 2 of the Dungeon.
             The game lasted 00:03:19 (514 turns).

slep the Chopper (Demonspawn Gladiator)              Turns: 514, Time: 00:03:20

Health: 0/28       AC:  6    Str: 14    XL:     3   Next: 66%
Magic:  3/3        EV: 13    Int:  6    God:
Gold:   38         SH:  0    Dex: 15    Spells: 2/2 levels left

rFire    . . .     SeeInvis .   a - +0 war axe
rCold    . . .     Gourm    .   (no shield)
rNeg     . . .     Faith    .   b - +0 leather armour
rPois    .         Spirit   .   c - +0 helmet
rElec    .         Reflect  .   (no cloak)
rCorr    .         Harm     .   (no gloves)
MR       .....                  (no boots)
Stlth    +.........             (no amulet)
HPRegen  0.09/turn              g - -3 ring of intelligence (curse)
MPRegen  0.08/turn              (no ring)

@: confused
A: molten scales 1
a: no special abilities


You were on level 2 of the Dungeon.
You were not hungry.

You visited 1 branch of the dungeon, and saw 2 of its levels.

You collected 38 gold pieces.

Inventory:

Hand Weapons
 a - a +0 war axe (weapon)
Missiles
 d - 3 throwing nets
 k - 7 javelins (quivered)
Armour
 b - a +0 leather armour (worn)
 c - a +0 helmet (worn)
Jewellery
 g - a cursed -3 ring of intelligence (left hand)
Scrolls
 e - 2 scrolls of magic mapping {unknown}
 m - 2 scrolls of identify {unknown}
 n - a scroll of teleportation {unknown}
Potions
 i - a potion of brilliance {unknown}
 j - 2 potions of resistance {unknown}
 l - a potion of curing {unknown}
 o - a potion of berserk rage {unknown}
Comestibles
 f - 3 rations


   Skills:
 + Level 2.4 Fighting
 + Level 3.6 Axes
 + Level 1.8 Throwing
 + Level 0.3 Armour
 + Level 3.0 Dodging
 + Level 0.3 Stealth


You had 2 spell levels left.
You didn't know any spells.

Dungeon Overview and Level Annotations

Branches:
Dungeon (2/15)

Altars:

Annotations:
D:2 Sigmund


Innate Abilities, Weirdness & Mutations

You are partially covered in molten scales. (AC +2)


Message History

You kill the jackal!
You barely miss the jackal. The jackal barely misses you. The adder misses you.
The jackal bites you but does no damage.
The adder barely misses you.
You closely miss the adder.
The adder is severely wounded.
You hit the jackal but do no damage.
The jackal bites you but does no damage.
The adder bites you but does no damage. The jackal bites you.
An adder comes into view.
It was a potion of ambrosia.
You are confused.
You feel invigorated.
The adder hisses angrily.
The adder closely misses you. Sigmund casts a spell at you.
The puff of flame hits you!
* * * LOW HITPOINT WARNING * * *
The jackal bites you.
You die...

.........#.#.....#
.........†....##
..............?##
................#
.<......(.......#
..................
..................
......S().#.......
......h@....#.#..<
.......(.#.##.....
.....[....... ..
#......##.@##..
#####.. .... . #.#
###.# #S ... #. ..


You could see Sigmund, 2 adders and a jackal.

Vanquished Creatures
  A gnoll (D:1)
  A worm (D:2)
  2 dart slugs (D:1)
  A leopard gecko (D:1)
  3 goblins
  2 hobgoblins (D:2)
  6 jackals
  8 kobolds
  7 bats (D:1)
  A frilled lizard (D:1)
  2 rats (D:2)
34 creatures vanquished.

Notes
Turn   | Place    | Note
-------+----------+-------------------------------------------
     0 | D:1      | slep the Demonspawn Gladiator began the quest for the Orb.
     0 | D:1      | Reached XP level 1. HP: 16/16 MP: 1/1
    92 | D:1      | Gained mutation: You are partially covered in molten scales. (AC +2) [demonic ancestry]
    92 | D:1      | Reached XP level 2. HP: 16/22 MP: 2/2
   232 | D:1      | Reached XP level 3. HP: 26/27 MP: 3/3
   510 | D:2      | Noticed Sigmund
   514 | D:2      | Slain by a jackal

Vault maps used:
D:1:      dpeg_arrival_shelter
D:2:      uniq_terence, uniq_sigmund, uniq_jessica

Skill      XL: |  1  2 |
---------------+-------+-----
Axes           | 3 |  3.6
Dodging        | 3 |  3.0
Fighting       | |  2.4
Throwing       | |  1.8
Armour         | |  0.3
Stealth        | |  0.3

Action                   || total
-------------------------++-------
Melee: War axe           ||    86
  Use: Potion            ||     1
 Stab: Sleeping          ||     2
Armor: Leather armour    ||    52
Dodge: Dodged            ||   129

Table legend:
 A = Spawn XP
 B = Non-spawn XP
 C = Spawn XP percentage of total XP
 D = Spawn monster count
 E = Non-spawn monster count
 F = Spawn count percentage of total count
 G = Total turns spent on level
                    A         B        C        D         E        F      G
               +---------+---------+-------+---------+---------+-------+---------
         Total |       0 |      78 |   0.0 |       0 |      34 |   0.0 |   514
               +---------+---------+-------+---------+---------+-------+---------
           D:1 |       0 |      55 |   0.0 |       0 |      23 |   0.0 |   483
           D:2 |       0 |      23 |   0.0 |       0 |      11 |   0.0 |    31
               +---------+---------+-------+---------+---------+-------+---------
